3L
PHILADELPHIA 1776 BC @ CAPITAL DISTRICT RED KNIGHTS
09/13/2026
 
TOP OF THE 1ST
Philadelphia 1776 BC batting - Pitching for Capital District Red Knights : LHP Myles Wilkerson
Pitching: LHP Myles Wilkerson
Batting: RHB Jesús Orozco 0-0: Called Strike
0-1: Ball
1-1: Ground out 4-3 (Groundball, 4)
Batting: LHB Tony Vega 0-0: Swinging Strike
0-1: Ground out U3 (Groundball, 34)
Batting: RHB Russell Jackson 0-0: Ball
1-0: Swinging Strike
1-1: Fly out, F7 (Line Drive, 7)
Top of the 1st over - 0 run(s), 0 hit(s), 0 error(s), 0 left on base; Philadelphia 1776 0 - Capital District 0
BOTTOM OF THE 1ST
Capital District Red Knights batting - Pitching for Philadelphia 1776 BC : RHP Cory Sanders
Pitching: RHP Cory Sanders
Batting: RHB Danilo Mosca 0-0: Ball
1-0: Called Strike
1-1: Ball
2-1: Ball
3-1: Called Strike
3-2: Foul Ball, location: 2F
3-2: Foul Ball, location: 2F
3-2: Fly out, F8 (Flyball, 8LM)
Batting: RHB José Paz 0-0: Ball
1-0: Called Strike
1-1: Ground out U3 (Groundball, 34)
Batting: RHB Sergio Ortíz 0-0: Called Strike
0-1: Ball
1-1: Foul Ball, location: 2F
1-2: Ball
2-2: Foul Ball, location: 2F
2-2: Fly out, F6 (Popup, 6MD)
Bottom of the 1st over - 0 run(s), 0 hit(s), 0 error(s), 0 left on base; Philadelphia 1776 0 - Capital District 0
TOP OF THE 2ND
Philadelphia 1776 BC batting - Pitching for Capital District Red Knights : LHP Myles Wilkerson
Batting: LHB Héctor Torres 0-0: Ball
1-0: Fly out, F5 (Popup, 56S)
Batting: RHB António Granados 0-0: Fly out, F8 (Flyball, 8RS)
Batting: RHB Jesús Rodríguez 0-0: Ball
1-0: SINGLE (Line Drive, 9S)
Batting: SHB Jesús Cabañe 0-0: Ball
1-0: Called Strike
1-1: Foul Ball, location: 2F
1-2: Ball
2-2: Strikes out swinging
Top of the 2nd over - 0 run(s), 1 hit(s), 0 error(s), 1 left on base; Philadelphia 1776 0 - Capital District 0
BOTTOM OF THE 2ND
Capital District Red Knights batting - Pitching for Philadelphia 1776 BC : RHP Cory Sanders
Batting: RHB Barry Dempsey 0-0: Called Strike
0-1: Called Strike
0-2: Fly out, F9 (Flyball, 9)
Batting: RHB Chris Costa 0-0: Foul Ball, location: 2F
0-1: Ball
1-1: Ball
2-1: Ground out 5-3 (Groundball, 56S)
Batting: LHB Francisco Sánchez 0-0: Ball
1-0: Foul Ball, location: 2F
1-1: Ball
2-1: Ball
3-1: Called Strike
3-2: Ground out 1-3 (Groundball, 13S)
Bottom of the 2nd over - 0 run(s), 0 hit(s), 0 error(s), 0 left on base; Philadelphia 1776 0 - Capital District 0
TOP OF THE 3RD
Philadelphia 1776 BC batting - Pitching for Capital District Red Knights : LHP Myles Wilkerson
Batting: RHB Dave Morris 0-0: Ball
1-0: Ball
2-0: Called Strike
2-1: SINGLE (Groundball, 56D)
Batting: RHB Patrizio Vanali 0-0: Ball
1-0: Fly out, F9 (Flyball, 9)
Batting: RHB Jesús Orozco 0-0: Ball
1-0: Ball
2-0: Called Strike
2-1: Fly out, F4 (Popup, 34D)
Batting: LHB Tony Vega 0-0: Ball
1-0: Called Strike
1-1: Ball
2-1: Ball
3-1: Base on Balls
Dave Morris to second
Batting: RHB Russell Jackson 0-0: Ball
1-0: Foul Ball, location: 2F
1-1: Fly out, F8 (Line Drive, 8LS)
Top of the 3rd over - 0 run(s), 1 hit(s), 0 error(s), 2 left on base; Philadelphia 1776 0 - Capital District 0
BOTTOM OF THE 3RD
Capital District Red Knights batting - Pitching for Philadelphia 1776 BC : RHP Cory Sanders
Batting: RHB Alfonso Enríquez 0-0: Called Strike
0-1: Ball
1-1: Ball
2-1: Ball
3-1: Foul Ball, location: 2F
3-2: Foul Ball, location: 2F
3-2: SINGLE (Groundball, 56D)
Batting: LHB Arturo Hernández 0-0: Grounds out, U3 (Groundball, 3L)
Batting: SHB Bernardo Hernández 0-0: Foul Ball, location: 2F
0-1: Fly out, F8 (Flyball, 8LD)
Runner from 2nd tags up, SAFE at 3rd, no throw
Batting: RHB Danilo Mosca 0-0: Ball
1-0: SINGLE (Line Drive, 3D)
Alfonso Enríquez scores
Batting: RHB José Paz 0-0: Ball
1-0: Ball
2-0: Called Strike
2-1: Swinging Strike
2-2: Ball
Danilo Mosca steals 2nd base
3-2: Foul Ball, location: 2F
3-2: Foul Ball, location: 2F
3-2: Strikes out looking
Bottom of the 3rd over - 1 run(s), 2 hit(s), 0 error(s), 1 left on base; Philadelphia 1776 0 - Capital District 1
TOP OF THE 4TH
Philadelphia 1776 BC batting - Pitching for Capital District Red Knights : LHP Myles Wilkerson
Batting: LHB Héctor Torres 0-0: Ball
1-0: Called Strike
1-1: Fly out, F8 (Flyball, 8RD)
Batting: RHB António Granados 0-0: Ball
1-0: Ball
2-0: Called Strike
2-1: Ball
3-1: Swinging Strike
3-2: Ground out 5-3 (Groundball, 56)
Batting: RHB Jesús Rodríguez 0-0: Foul Ball, location: 2F
0-1: Swinging Strike
0-2: Strikes out swinging
Top of the 4th over - 0 run(s), 0 hit(s), 0 error(s), 0 left on base; Philadelphia 1776 0 - Capital District 1
BOTTOM OF THE 4TH
Capital District Red Knights batting - Pitching for Philadelphia 1776 BC : RHP Cory Sanders
Batting: RHB Sergio Ortíz 0-0: Fly out, F9 (Flyball, 9S)
Batting: RHB Barry Dempsey 0-0: Foul Ball, location: 2F
0-1: Ball
1-1: Ground out 4-3 (Groundball, 4D)
Batting: RHB Chris Costa 0-0: Fly out, F7 (Line Drive, 7)
Bottom of the 4th over - 0 run(s), 0 hit(s), 0 error(s), 0 left on base; Philadelphia 1776 0 - Capital District 1
TOP OF THE 5TH
Philadelphia 1776 BC batting - Pitching for Capital District Red Knights : LHP Myles Wilkerson
Batting: SHB Jesús Cabañe 0-0: Ball
1-0: Ball
2-0: Ball
3-0: Base on Balls
Batting: RHB Dave Morris 0-0: Bunted foul
0-1: Ball
1-1: Bunted foul
1-2: Foul Ball, location: 2F
1-2: Ball
2-2: Fly out, F8 (Flyball, 8LM)
Batting: RHB Patrizio Vanali 0-0: Ball
1-0: Ball
2-0: Grounds into double play, 4-6-3 (Groundball, 4)
Top of the 5th over - 0 run(s), 0 hit(s), 0 error(s), 0 left on base; Philadelphia 1776 0 - Capital District 1
BOTTOM OF THE 5TH
Capital District Red Knights batting - Pitching for Philadelphia 1776 BC : RHP Cory Sanders
Batting: LHB Francisco Sánchez 0-0: Ball
1-0: Fly out, F7 (Flyball, 7S)
Batting: RHB Alfonso Enríquez 0-0: Ball
1-0: Called Strike
1-1: Foul Ball, location: 2F
1-2: Ground out 5-3 (Groundball, 56)
Batting: LHB Arturo Hernández 0-0: Ground out U3 (Groundball, 3L)
Bottom of the 5th over - 0 run(s), 0 hit(s), 0 error(s), 0 left on base; Philadelphia 1776 0 - Capital District 1
TOP OF THE 6TH
Philadelphia 1776 BC batting - Pitching for Capital District Red Knights : LHP Myles Wilkerson
Batting: RHB Jesús Orozco 0-0: Ball
1-0: Called Strike
1-1: Foul Ball, location: 2F
1-2: Ground out 4-3 (Groundball, 4)
Batting: LHB Tony Vega 0-0: Swinging Strike
0-1: Ball
1-1: Called Strike
1-2: Ball
2-2: Ball
3-2: SINGLE (Line Drive, 4D)
Batting: RHB Russell Jackson 0-0: Called Strike
0-1: Ball
1-1: Swinging Strike
1-2: Ball
2-2: Ball
3-2: Foul Ball, location: 2F
3-2: Strikes out looking
Batting: LHB Héctor Torres 0-0: Ball
1-0: Called Strike
1-1: Fly out, F8 (Flyball, 8LS)
Top of the 6th over - 0 run(s), 1 hit(s), 0 error(s), 1 left on base; Philadelphia 1776 0 - Capital District 1
BOTTOM OF THE 6TH
Capital District Red Knights batting - Pitching for Philadelphia 1776 BC : RHP Cory Sanders
Batting: SHB Bernardo Hernández 0-0: Called Strike
0-1: Foul Ball, location: 2F
0-2: Strikes out swinging
Batting: RHB Danilo Mosca 0-0: Ground out 6-3 (Groundball, 6)
Batting: RHB José Paz 0-0: Reached on error, E5 (Groundball, 56S)
Batting: RHB Sergio Ortíz 0-0: Called Strike
0-1: Ball
1-1: Ball
2-1: Ball
3-1: Called Strike
3-2: Ground out 6-3 (Groundball, 6S)
Bottom of the 6th over - 0 run(s), 0 hit(s), 1 error(s), 1 left on base; Philadelphia 1776 0 - Capital District 1
TOP OF THE 7TH
Philadelphia 1776 BC batting - Pitching for Capital District Red Knights : LHP Myles Wilkerson
Batting: RHB António Granados 0-0: Ground out 5-3 (Groundball, 56S)
Batting: RHB Jesús Rodríguez 0-0: Swinging Strike
0-1: Ball
1-1: Foul Ball, location: 2F
1-2: Ball
2-2: Foul Ball, location: 2F
2-2: Ball
3-2: Strikes out swinging
Batting: SHB Jesús Cabañe 0-0: Called Strike
0-1: Swinging Strike
0-2: Foul Ball, location: 2F
0-2: Ball
1-2: Strikes out swinging
Top of the 7th over - 0 run(s), 0 hit(s), 0 error(s), 0 left on base; Philadelphia 1776 0 - Capital District 1
BOTTOM OF THE 7TH
Capital District Red Knights batting - Pitching for Philadelphia 1776 BC : RHP Cory Sanders
Batting: RHB Barry Dempsey 0-0: Ball
1-0: Called Strike
1-1: Called Strike
1-2: Strikes out swinging
Batting: RHB Chris Costa 0-0: Swinging Strike
0-1: Foul Ball, location: 2F
0-2: Foul Ball, location: 2F
0-2: Ball
1-2: Ground out 6-3 (Groundball, 6)
Batting: LHB Francisco Sánchez 0-0: Called Strike
0-1: Swinging Strike
0-2: Ground out 6-3 (Groundball, 6)
Bottom of the 7th over - 0 run(s), 0 hit(s), 0 error(s), 0 left on base; Philadelphia 1776 0 - Capital District 1
TOP OF THE 8TH
Philadelphia 1776 BC batting - Pitching for Capital District Red Knights : LHP Myles Wilkerson
Batting: RHB Dave Morris 0-0: Foul Ball, location: 2F
0-1: Called Strike
0-2: Strikes out looking
Batting: RHB Patrizio Vanali 0-0: Ball
1-0: Swinging Strike
1-1: Foul Ball, location: 2F
1-2: Foul Ball, location: 2F
1-2: Foul Ball, location: 2F
1-2: Strikes out looking
Batting: RHB Jesús Orozco 0-0: Called Strike
0-1: Ball
1-1: Reached on error, E4 (Groundball, 4)
Batting: LHB Tony Vega 0-0: Ball
1-0: Ground out 4-3 (Groundball, 34)
Top of the 8th over - 0 run(s), 0 hit(s), 1 error(s), 1 left on base; Philadelphia 1776 0 - Capital District 1
BOTTOM OF THE 8TH
Capital District Red Knights batting - Pitching for Philadelphia 1776 BC : RHP Cory Sanders
Batting: RHB Alfonso Enríquez 0-0: Called Strike
0-1: Fly out, F7 (Flyball, 7S)
Batting: LHB Arturo Hernández 0-0: Ball
1-0: Foul Ball, location: 2F
1-1: Foul Ball, location: 2F
1-2: Foul Ball, location: 2F
1-2: Foul Ball, location: 2F
1-2: Foul Ball, location: 2F
1-2: Foul Ball, location: 2F
1-2: Foul Ball, location: 2F
1-2: Ground out U3 (Groundball, 3)
Batting: SHB Bernardo Hernández 0-0: Ball
1-0: SINGLE (Flyball, 8RS)
Batting: RHB Danilo Mosca 0-0: Called Strike
0-1: Ball
1-1: Ball
2-1: Swinging Strike
2-2: Foul Ball, location: 2F
2-2: Ball
Bernardo Hernández is caught stealing 2nd base
Bottom of the 8th over - 0 run(s), 1 hit(s), 0 error(s), 0 left on base; Philadelphia 1776 0 - Capital District 1
TOP OF THE 9TH
Philadelphia 1776 BC batting - Pitching for Capital District Red Knights : LHP Myles Wilkerson
Batting: RHB Russell Jackson 0-0: Ball
1-0: Swinging Strike
1-1: Swinging Strike
1-2: Ball
2-2: Ball
3-2: Strikes out looking
Batting: LHB Héctor Torres 0-0: Called Strike
0-1: Ground out 4-3 (Groundball, 34D)
Pitching: LHP Miguel Toro
Batting: RHB António Granados 0-0: Ball
1-0: Ball
2-0: Ball
3-0: Called Strike
3-1: SINGLE (Popup, 6D)
Batting: RHB Jesús Rodríguez 0-0: Ball
1-0: Ball
2-0: Swinging Strike
2-1: Foul Ball, location: 2F
2-2: Ball
3-2: Ground out 5-3 (Groundball, 56)
Top of the 9th over - 0 run(s), 1 hit(s), 0 error(s), 1 left on base; Philadelphia 1776 0 - Capital District 1
Monday, March 20th, 2017 - OOTP Baseball 17.12 Build 75